 Dungeon Crawl Stone Soup version 0.17.0-26-gececa24 (console) character file.

44 gw the Insei (level 3, -5/28 HPs)
             Began as a Demigod Transmuter on Nov 19, 2015.
             Killed from afar by Sigmund (7 damage)
             ... with a magic dart
             ... on level 2 of the Dungeon.
             The game lasted 00:01:07 (1704 turns).

gw the Insei (Demigod Transmuter)                   Turns: 1704, Time: 00:01:08

Health: -5/28      AC:  3    Str: 13    XL:     3   Next: 23%
Magic:  9/9        EV: 12    Int: 19    God:
Gold:   78         SH:  0    Dex: 16    Spells: 2 memorised, 2 levels left

rFire  + . .     SeeInvis .       - Unarmed
rCold  . . .     Clarity  .     b - +0 robe
rNeg   . . .     SustAt   +     (no shield)
rPois  .         Gourm    .     l - +0 helmet
rElec  .         Spirit   .     (no cloak)
rCorr  .         Warding  .     (no gloves)
rMut   .         Stasis   .     (no boots)
MR     .....                    (no amulet)
Stlth  +.........               (no ring)
                                e - ring of protection from fire

@: very slightly contaminated, drained, not resistant to hostile enchantments,
very unstealthy
A: high mp 1, sustain attributes
a: no special abilities


You were on level 2 of the Dungeon.
You were not hungry.

You visited 1 branch of the dungeon, and saw 2 of its levels.

You collected 78 gold pieces.

Inventory:

Missiles
 a - 12 arrows
 j - 13 arrows of frost
Armour
 b - a +0 robe (worn)
 l - a +0 helmet (worn)
Jewellery
 e - a ring of protection from fire (left hand)
Potions
 f - a potion of haste {unknown}
 h - 2 potions of curing
Books
 c - a book of Changes

   Spells                             Type                      Level
   a - Beastly Appendage              Transmutation                1
   b - Sticks to Snakes               Transmutation                2
   c - Spider Form                    Transmutation/Poison         3
   d - Ice Form                       Ice/Transmutation            4
   e - Blade Hands                    Transmutation                5
Comestibles
 d - a bread ration
 i - a beef jerky


   Skills:
 + Level 1.2(0.9) Fighting
 + Level 0.8(0.5) Armour
 - Level 1.7(1.4) Dodging
 + Level 3.0(2.6) Unarmed Combat
 + Level 2.3(1.9) Spellcasting
 + Level 2.2(1.9) Transmutations


You had 2 spell levels left.
You knew the following spells:

 Your Spells              Type           Power        Failure   Level  Hunger
a - Beastly Appendage     Trmt           #.....       10%         1    #......
b - Spider Form           Trmt/Pois      #.........   38%         3    ###....


Dungeon Overview and Level Annotations

Branches:
Dungeon (2/15)

Annotations:
D:2 Sigmund


Innate Abilities, Weirdness & Mutations

You have an increased reservoir of magic (+10% MP).
Your attributes are resistant to harm.


Message History

A magic dart appears from out of thin air!
The magic dart hits you!
ATTACK MOVE TO (1,1) ATTACK MOVE TO (-1,-1)
Something hits you but does no damage.
ATTACK MOVE TO (1,0)
Something hits you!
ATTACK MOVE TO (0,1) ATTACK MOVE TO (0,1) ATTACK MOVE TO (0,1)
A puff of flame appears from out of thin air!
The puff of flame misses you.
ATTACK MOVE TO (0,1)
You hear a zap.
A magic dart appears from out of thin air!
The magic dart hits you!
ATTACK MOVE TO (0,1)
A magic dart appears from out of thin air!
The magic dart hits you!
You die...

#.########
#........#
########.# #.#
#.# #.# #p# #.#
#.#
#######.#######
......%#......#
########.#####.#
.........# #.#
.######### #.#
#.#


There were no monsters in sight!

Table legend:
 A = Turns spent in this place as a percentage of turns spent in the entire game.
 B = Non-inter-level travel turns spent in this place as a percentage of non-inter-level travel turns spent in the entire game.
 C = Inter-level travel turns spent in this place as a percentage of turns spent in this place.
 D = Turns resting spent in this place as a percentage of non-inter-level travel turns spent in this place.
 E = Turns spent auto-exploring this place as a percentage of non-inter-level travel turns spent in this place.
 F = Non-inter-level travel turns spent in this place divided by the number of levels of this place that you've seen.
                   A       B       C       D       E      F
               +-------+-------+-------+-------+-------+----------------------
         Total | 100.0 | 100.0 |   0.3 |   2.8 |   1.9 | 1257.0
       Dungeon | 100.0 | 100.0 |   0.3 |   2.8 |   1.9 | 1257.0
               +-------+-------+-------+-------+-------+----------------------

Table legend:
 A = Kills in this place as a percentage of kills in entire the game.
 B = Kills by you in this place as a percentage of kills by you in the entire game.
 C = Kills by friends in this place as a percentage of kills by friends in the entire game.
 D = Other kills in this place as a percentage of other kills in the entire game.
 E = Experience gained in this place as a percentage of experience gained in the entire game.
 F = Experience gained in this place divided by the number of levels of this place that you have seen.
                   A       B       C       D       E      F
               +-------+-------+-------+-------+-------+----------------------
         Total | 100.0 | 100.0 |  -nan |  -nan | 100.0 |  32.0
       Dungeon | 100.0 | 100.0 |  -nan |  -nan | 100.0 |  32.0
               +-------+-------+-------+-------+-------+----------------------

Vanquished Creatures
  An adder (D:2)
  An ooze (D:2)
  2 giant geckos (D:1)
  A giant cockroach (D:1)
  6 goblins
  3 hobgoblins
  2 jackals (D:2)
  2 ball pythons (D:1)
  5 bats
  A giant newt (D:2)
  4 kobolds
  2 rats
30 creatures vanquished.

Notes
Turn   | Place    | Note
--------------------------------------------------------------
     0 | D:1      | gw the Demigod Transmuter began the quest for the Orb.
     0 | D:1      | Reached XP level 1. HP: 15/15 MP: 5/5
    34 | D:1      | Reached skill level 1 in Fighting
   370 | D:1      | Reached XP level 2. HP: 20/23 MP: 5/7
  1462 | D:2      | Reached XP level 3. HP: 23/28 MP: 7/9
  1518 | D:2      | Learned a level 3 spell: Spider Form
  1580 | D:2      | Reached skill level 3 in Unarmed Combat
  1692 | D:2      | Noticed Sigmund
  1704 | D:2      | Killed from afar by Sigmund

Action                   || total
-------------------------++-------
Melee: Unarmed           ||    90
 Cast: Beastly Appendage ||    27
  Use: Scroll            ||     3
       Potion            ||     1
 Stab: Sleeping          ||     2
  Eat: Chunk             ||     3

Vault maps used:
D:1:      dpeg_arrival_three_smaller_balls
D:2:      uniq_jessica, uniq_sigmund
